 Dungeon Crawl Stone Soup version 0.30-a0-629-gd54f4be4f7 (webtiles) character file.

Game seed: 4142244866556886290

658 testman the Chopper (level 7, -1/96 HPs)
             Began as a Hill Orc Monk on Jan 12, 2023.
             Was a Believer of Beogh.
             Slain by a yak (10 damage)
             ... on level 4 of the Dungeon.
             The game lasted 00:07:35 (2503 turns).

testman the Chopper (Hill Orc Monk)                 Turns: 2503, Time: 00:07:35

Health: -1/96      AC:  5    Str: 15 (16) XL:     7   Next: 55%
Magic:  10/10      EV: 11    Int:  7 (10) God:    Beogh [**....]
Gold:   154        SH:  0    Dex: 16 (19) Spells: 6/6 levels left

rFire   . . .      SeeInvis .    g - +0 war axe
rCold   . . .      Faith    +    (no shield)
rNeg    . . .      Spirit   .    o - +0 ring mail
rPois   .          Reflect  .    (no helmet)
rElec   .          Harm     .    f - scarf {shadows}
rCorr   .          Rampage  .    (no gloves)
Will    +....                    (no boots) Stlth
                                 t - amulet of faith
HPRegen 0.36/turn                h - +6 ring of dexterity
MPRegen 0.12/turn                z - ring of willpower

@: mighty, berserking, attractive, very quick
A: no striking features
a: Renounce Religion, Smiting


You were on level 4 of the Dungeon.
You worshipped Beogh.
Beogh was pleased with you.
You visited 1 branch of the dungeon, and saw 4 of its levels.

You collected 154 gold pieces.

Inventory:

Hand Weapons
 a - a +0 hand axe
 g - a +0 war axe (weapon)
Missiles
 n - 10 poisoned darts (quivered)
Armour
 b - a +0 robe
 f - a scarf of shadows (worn)
 o - a +0 ring mail (worn)
 w - a +0 cloak
Jewellery
 h - a +6 ring of dexterity (left hand)
 t - an amulet of faith (around neck)
 v - a +6 ring of dexterity
 y - an amulet of reflection
 z - a ring of willpower (right hand)
Scrolls
 i - a scroll of poison {unknown}
 j - 2 scrolls of noise {unknown}
 k - 3 scrolls of vulnerability {unknown}
 l - 2 scrolls of identify {unknown}
 m - a scroll of blinking {unknown}
 p - a scroll of silence {unknown}
 r - a scroll of immolation {unknown}
 x - a scroll of teleportation {unknown}
Potions
 d - a potion of attraction
 e - 3 potions of curing
 q - a potion of degeneration


   Skills:
 + Level 6.9 Fighting
 + Level 7.6 Axes
 - Level 2.4 Dodging
 - Level 1.5 Stealth
 + Level 4.8 Invocations


You had 6 spell levels left.
You didn't know any spells.
Your spell library contained the following spells:

 Spells                   Type           Power      Damage    Failure   Level
 Beastly Appendage        Tmut           0%         N/A       67%         1


Dungeon Overview and Level Annotations

Branches:
Dungeon (4/15)
 Temple: D:4-7

Altars:
Dithmenos
The Shining One

Annotations:
D:2 Sigmund


Message History

You hit the yak but do no damage.
The yak is almost dead.
The yak gores you!
You hit the yak.
The yak is almost dead.
The yak gores you but does no damage.
You hit the yak.
You kill the yak!
Beogh accepts your kill. The yak closely misses you.
You hit the yak but do no damage. The yak gores you.
Okay, then.
It was a potion of curing.
You feel better. The yak gores you.
You barely miss the yak. The yak gores you but does no damage.
You hit the yak but do no damage. The yak gores you.
It was a potion of attraction.
You feel attractive to monsters. The yak gores you!
* * * LOW HITPOINT WARNING * * *
You barely miss the yak. The yak gores you.
* * * LOW HITPOINT WARNING * * *
It was a potion of degeneration.
There was something very wrong with that liquid.
You feel weakened.
You feel dopey.
You feel clumsy. The yak gores you but does no damage.
It was a potion of might.
You feel very mighty all of a sudden. The yak gores you!
* * * LOW HITPOINT WARNING * * *
It was a potion of berserk rage.
A red film seems to cover your vision as you go berserk!
You feel yourself moving faster!
You feel mighty! The yak barely misses you.
You barely miss the yak. The yak gores you.
* * * LOW HITPOINT WARNING * * *
You slash the yak!
The yak is moderately wounded.
You hit the yak.
The yak is moderately wounded.
The yak gores you!
You die...

### #@# #Y# #Y## ####Y#
####### ##...(## ##.....##
#......## ##.......##
##.......###.......... ○○
##.........##..........
....##.Y.J....#.##........<.


You could see 3 yaks.

Vanquished Creatures
  3 yaks (D:4)
  An ice beast (D:3)
  A necrophage (D:3)
  An iguana (D:3)
  3 adders
  2 worms
  A dart slug (D:3)
  6 orcs (D:3)
  7 ball pythons
  4 bats
  5 endoplasms
  A giant cockroach (D:2)
  7 goblins
  2 hobgoblins
  4 jackals
  A quokka (D:2)
  4 frilled lizards
  4 kobolds
  4 rats
61 creatures vanquished.

Vanquished Creatures (others)
  An orc priest (D:3)
  An orc (D:3)
  A plant (D:4)
3 creatures vanquished.

Grand Total: 64 creatures vanquished

Notes
Turn   | Place    | Note
-------+----------+-------------------------------------------
     0 | D:1      | testman the Hill Orc Monk began the quest for the Orb.
     0 | D:1      | Reached XP level 1. HP: 19/19 MP: 1/1
   258 | D:1      | Reached XP level 2. HP: 26/27 MP: 2/2
   342 | D:1      | Found a faded altar of an unknown god.
   348 | D:1      | Got Plato's Teachings on Transmutation
   695 | D:1      | You fall into a shaft and drop 1 floor!
   780 | D:2      | Reached XP level 3. HP: 34/34 MP: 3/3
   803 | D:2      | Reached skill level 5 in Axes
  1139 | D:2      | Noticed Sigmund
  1399 | D:2      | Reached XP level 4. HP: 41/41 MP: 4/4
  1559 | D:3      | Became a worshipper of Beogh the Brigand
  1559 | D:3      | Reached * piety under Beogh
  1559 | D:3      | Reached ** piety under Beogh
  1591 | D:3      | Noticed an ice beast
  1643 | D:3      | Reached skill level 5 in Fighting
  1865 | D:3      | Killed an ice beast
  1866 | D:3      | Reached skill level 1 in Invocations
  1866 | D:3      | Reached XP level 5. HP: 36/48 MP: 4/6
  1913 | D:3      | Reached skill level 6 in Axes
  2069 | D:3      | Found a shadowy altar of Dithmenos.
  2157 | D:3      | Reached XP level 6. HP: 56/57 MP: 6/8
  2356 | D:3      | Found a glowing golden altar of the Shining One.
  2445 | D:4      | Noticed a yak
  2445 | D:4      | Noticed a yak
  2461 | D:4      | Noticed a yak
  2463 | D:4      | Noticed a yak
  2464 | D:4      | Noticed a yak
  2466 | D:4      | Noticed a yak
  2468 | D:4      | Killed a yak
  2487 | D:4      | Killed a yak
  2488 | D:4      | Reached skill level 7 in Axes
  2488 | D:4      | Reached XP level 7. HP: 41/64 MP: 8/10
  2491 | D:4      | Killed a yak
  2503 | D:4      | Slain by a yak

Illustrated notes

Levels and vault maps discovered:
D:1:      giann_forest_graveyard, layout_basic,
          shapermc_ecumenical_altar_rom_forum, minmay_misc_feat_enclosed,
          hangedman_decor_slide_cut
D:2:      layout_basic, uniq_sigmund
D:3:      layout_basic, general_overflow_altar, lemuel_coloured_pillars_altar,
          chequers_jeans
D:4:      layout_cave_pods, lemuel_temple_firewalk_a, serial_forest,
          infiniplex_forest_straight_3, infiniplex_forest_lined_3,
          infiniplex_forest_clump_small, infiniplex_forest_clump_medium,
          infiniplex_forest_clump_medium, infiniplex_forest_clump_small,
          infiniplex_forest_lined_2, kennysheep_cross_bottleneck,
          minmay_increasing_density, uniq_eustachio

Skill      XL: |  1  2  3  4  5  6 |
---------------+-------------------+-----
Fighting       | 4 5 6 |  6.9
Axes           | 5 6 7 |  7.6
Invocations    | 1 2 4 |  4.8
Dodging        | |  2.4
Stealth        | |  1.5

Action                   |  1- 3 |  4- 6 |  7- 9 || total
-------------------------+-------+-------+-------++-------
Melee: Hand axe          |    13 |       |       ||    13
       War axe           |    72 |    84 |    11 ||   167
       Punch             |     1 |       |     1 ||     2
Throw: Dart              |       |     2 |       ||     2
Invok: Convert to Beogh  |       |     1 |       ||     1
       Smiting           |       |     1 |       ||     1
  Use: Potion            |       |     1 |     5 ||     6
 Stab: Sleeping          |     4 |     2 |       ||     6
Armor: Robe              |     9 |       |       ||     9
       Ring mail         |    22 |    28 |     3 ||    53
Dodge: Dodged            |    60 |    63 |     2 ||   125

Table legend: (Time is in decaauts)
 A = Elapsed time spent in this place.
 B = Non-inter-level travel time spent in this place.
 C = Inter-level travel time spent in this place.
 D = Time resting spent in this place.
 E = Time spent auto-exploring this place.
 F = Levels seen in this place.
 G = Mean time per level.
                   A        B        C        D        E       F      G
               +--------+--------+--------+--------+--------+-----+--------+
         Total |   2540 |   2412 |    128 |      7 |   1831 |   4 |  635.0 |
       Dungeon |   2540 |   2412 |    128 |      7 |   1831 |   4 |  635.0 |
               +--------+--------+--------+--------+--------+-----+--------+

Top non-repeatable levels by time:
     D:1: 883 daAuts
     D:3: 867 daAuts
     D:2: 653 daAuts
     D:4: 136 daAuts
